 Dungeon Crawl Stone Soup version 0.27-a0-1301-g128193abf8 (webtiles) character file.

Game seed: 5870293156841766229

1381 Shayle the Fighter (level 8, -4/88 HPs)
             Began as an Ogre Warper on June 17, 2021.
             Was an Initiate of the Shining One.
             Slain by a hobgoblin (6 damage)
             ... in a bailey.
             The game lasted 00:14:06 (7028 turns).

Shayle the Fighter (Ogre Warper)                    Turns: 7028, Time: 00:14:07

Health: -4/88      AC:  4    Str: 16    XL:     8   Next: 67%
Magic:  5/11       EV: 11    Int: 16    God:    the Shining One [......]
Gold:   140        SH:  0    Dex:  8    Spells: 1/11 levels left

rFire    . . .     SeeInvis .   w - +2 scythe (flame)
rCold    . . .     Faith    .   (shield currently unavailable)
rNeg     . . .     Spirit   .   b - +0 robe
rPois    .         Reflect  .   (helmet restricted)
rElec    .         Harm     .   t - +0 cloak
rCorr    .         Rampage  .   (gloves unavailable)
Will     .....                  (boots unavailable)
Stlth    +.........             (no amulet)
HPRegen  0.24/turn              (no ring)
MPRegen  0.12/turn              (no ring)

@: glowing
A: large, unfitting armour, tough skin 1
a: Renounce Religion


You were in a bailey.
You worshipped the Shining One.
The Shining One was noncommittal.
You visited 2 branches of the dungeon, and saw 7 of its levels.
You also visited: Bailey.

You collected 140 gold pieces.

Inventory:

Hand Weapons
 a - a +0 spear
 d - a +2 hand axe of flaming
 m - a +1 war axe of electrocution
 w - a +2 scythe of flaming (weapon)
Missiles
 g - 19 boomerangs
 l - 2 throwing nets
 s - 14 poisoned darts (quivered)
Armour
 b - a +0 robe (worn)
 t - a +0 cloak (worn)
Jewellery
 p - a ring of resist corrosion
 q - a ring of poison resistance
Wands
 o - a wand of digging (1)
 v - a wand of charming (3)
Scrolls
 c - 3 scrolls of blinking
 e - a scroll of enchant armour {unknown}
 i - a scroll of teleportation {unknown}
 r - a scroll of noise {unknown}
Potions
 f - 4 potions of brilliance
 h - a potion of magic {unknown}
 j - a potion of curing
 k - a potion of attraction
 n - a potion of mutation
 u - a potion of might {unknown}


   Skills:
 + Level 8.2 Fighting
 + Level 6.2 Polearms
 - Level 1.0 Throwing
 + Level 5.8 Dodging
 - Level 2.4 Spellcasting
 + Level 2.6 Translocations
 + Level 0.0 Invocations


You had one spell level left.
You knew the following spells:

 Your Spells              Type           Power      Damage    Failure   Level
a - Blink                 Tloc           N/A        N/A       10%         2
b - Teleport Other        Tloc           10%        N/A       21%         3
c - Manifold Assault      Tloc           10%        N/A       88%         5

Your spell library contained the following spells:

 Spells                   Type           Power      Damage    Failure   Level
 Gell's Gravitas          Tloc           5%         N/A       21%         3
 Lesser Beckoning         Tloc           5%         N/A       21%         3


Dungeon Overview and Level Annotations

Branches:
Dungeon (8/15)             Temple (1/1) D:5          Bailey (1/1)
   Lair: D:8-11

Altars:
Cheibriados
Dithmenos
Elyvilon
Fedhas
Gozag
Hepliaklqana
Kikubaaqudgha
Makhleb
Nemelex Xobeh
Okawaru
Ru
Sif Muna
Trog
Vehumet
Wu Jian
Zin
The Shining One

Shops:
D:4 [

Annotations:
D:3 exclusion: statue


Innate Abilities, Weirdness & Mutations

You are too large for most types of armour.
You have tough skin. (AC +1)


Message History

The hobgoblin hits you with a +0 hand axe.
The orc warrior hits you with a +0 hand axe.
The hobgoblin completely misses you.
Cast which spell? (? or * to list)
You blink.
The orc barely misses you. The hobgoblin misses you.
A goblin comes into view. It is wielding a +0 hand axe.
Unknown command.
You closely miss the orc. The orc closely misses you.
The hobgoblin barely misses you. x2
The hobgoblin hits you but does no damage.
Unknown command.
Okay, then.
You barely miss the orc warrior.
The orc warrior is severely wounded.
The hobgoblin barely misses you. x2
The hobgoblin hits you with a +0 hand axe.
The hobgoblin barely misses you.
Unknown command.
You hit the orc warrior. You burn the orc warrior.
The orc warrior is almost dead.
The orc warrior hits you with a +0 hand axe!
* * * LOW HITPOINT WARNING * * *
The hobgoblin hits you with a +0 hand axe.
* * * LOW HITPOINT WARNING * * *
The orc closely misses you.
The hobgoblin hits you with a +0 hand axe.
* * * LOW HITPOINT WARNING * * *
The orc warrior misses you.
Unknown command.
Casting: Blink (safe; 10% risk of failure)
Confirm with . or Enter, or press ? or * to list all spells.
You blink.
The hobgoblin closely misses you.
Unknown command.
Casting: Blink (safe; 10% risk of failure)
Confirm with . or Enter, or press ? or * to list all spells.
You blink.
The hobgoblin hits you with a +0 hand axe.
* * * LOW HITPOINT WARNING * * *
The hobgoblin hits you with a +0 hand axe.
You die...

## ♣♣♣ #+#.##
♣♣♣♣.♣♣♣♣
#.....###♣.♣.....♣
........##.......♣
.........#.......♣♣
.......ggoo.......♣
...⌠....@g..∩.∩..♣
........('.......♣
.......(.#........♣
........##.......♣♣
#.....###♣♣.....♣♣
#+#.## ♣♣♣.♣♣♣ ##
♣♣♣


You could see an orc warrior, an orc, 2 hobgoblins and a goblin.

Vanquished Creatures
  Grinder (D:4)
  Sigmund (D:5)
  Eustachio (D:4)
  A water moccasin (D:8)
  A black bear (D:4)
  A phantom (D:4)
  2 scorpions
  A water moccasin skeleton (D:5)
  2 wights (D:4)
  An orc priest (D:2)
  A bullfrog skeleton (D:5)
  A hound (D:3)
  A centaur skeleton (D:4)
  An iguana (D:4)
  Ijyb (D:5)
  2 orc wizards
  5 adders
  4 worms
  3 dart slugs
  19 orcs
  9 endoplasms
  4 giant cockroaches
  5 goblins
  5 hobgoblins
  6 jackals (D:2)
  5 kobolds
  2 quokkas (D:1)
  8 ball pythons
  2 bats (D:1)
  4 frilled lizards
  2 rats
102 creatures vanquished.

Notes
Turn   | Place    | Note
-------+----------+-------------------------------------------
     0 | D:1      | Shayle the Ogre Warper began the quest for the Orb.
     0 | D:1      | Reached XP level 1. HP: 22/22 MP: 3/3
   355 | D:1      | Reached skill level 3 in Fighting
   355 | D:1      | Reached XP level 2. HP: 31/31 MP: 5/5
   807 | D:1      | Reached XP level 3. HP: 37/37 MP: 6/6
  1382 | D:2      | Found a faded altar of an unknown god.
  1913 | D:2      | Reached XP level 4. HP: 27/48 MP: 7/7
  2093 | D:2      | Reached skill level 4 in Fighting
  2811 | D:3      | Reached XP level 5. HP: 23/55 MP: 8/8
  3265 | D:3      | Found a radiant altar of Vehumet.
  3265 | D:3      | Noticed a charred statue
  3696 | D:4      | Found an opulent altar of Gozag.
  3958 | D:4      | Reached skill level 5 in Fighting
  3958 | D:4      | Reached XP level 6. HP: 9/62 MP: 9/9
  4362 | D:4      | Noticed Grinder
  4364 | D:4      | Paralysed by Grinder for 2 turns
  4380 | D:4      | Found Tuihur's Armour Boutique.
  4412 | D:4      | Killed Grinder
  4413 | D:4      | Reached skill level 6 in Fighting
  4413 | D:4      | Reached XP level 7. HP: 66/75 MP: 10/10
  5159 | D:4      | Reached skill level 5 in Polearms
  5254 | D:4      | Found an ancient bone altar of Kikubaaqudgha.
  5633 | D:4      | Found a glowing silver altar of Zin.
  5737 | D:4      | Noticed Eustachio
  5747 | D:4      | Killed Eustachio
  5748 | D:4      | Reached skill level 7 in Fighting
  5748 | D:4      | Reached skill level 5 in Dodging
  5748 | D:4      | Reached XP level 8. HP: 42/87 MP: 11/11
  5988 | D:5      | Entered Level 5 of the Dungeon
  6117 | D:5      | Found a staircase to the Ecumenical Temple.
  6127 | Temple   | Entered the Ecumenical Temple
  6284 | Temple   | Became a worshipper of the Shining One
  6296 | D:5      | Noticed Ijyb
  6316 | D:5      | Killed Ijyb
  6345 | D:5      | Noticed Sigmund
  6483 | D:5      | Killed Sigmund
  6734 | D:5      | Reached skill level 8 in Fighting
  6799 | D:5      | You fall into a shaft and drop 3 floors!
  6800 | D:8      | Found a white marble altar of Elyvilon.
  6926 | D:8      | Found a flagged portal.
  6943 | Bailey   | Entered a bailey
  6998 | Bailey   | Learned a level 2 spell: Blink
  7002 | Bailey   | Learned a level 3 spell: Teleport Other
  7008 | Bailey   | Learned a level 5 spell: Manifold Assault
  7028 | Bailey   | HP: 2/88 [hobgoblin (6)]
  7028 | Bailey   | Slain by a hobgoblin

Illustrated notes

Levels and vault maps discovered:
D:1:      wander_arrival_lonely_grave, layout_basic
D:2:      layout_loops_ring, shapermc_ecumenical_altar_starsandcircs,
          minmay_tall_x
D:3:      layout_rooms, vehumet_statue, bh_walls_and_bars
D:4:      layout_basic, pdpol_temple_overflow_zin_treasury_gozag_greed,
          nicolae_overflow_crystal_walls, serial_shops, shop, minmay_ruptured,
          uniq_eustachio, uniq_grinder
D:5:      layout_gridville, jmf_multi_god_temple2, minmay_temple_entry_waves,
          corexii_corridor_pit, uniq_sigmund, uniq_ijyb
D:8:      layout_loops_cross, elyvilon_altar_1, enter_bailey_4,
          patterned_corridor
Temple:   eino_temple_lava
Bailey:   bailey_axe_minmay_hex_keep, bailey

Skill      XL: |  1  2  3  4  5  6  7  8 |
---------------+-------------------------+-----
Fighting       | 3 4 5 6 7 8 |  8.2
Polearms       | 3 4 5 6 |  6.2
Dodging        | 3 4 5 |  5.8
Throwing       | |  1.0
Spellcasting   | |  2.4
Translocations | |  2.6

Action                   |  1- 3 |  4- 6 |  7- 9 || total
-------------------------+-------+-------+-------++-------
Melee: Spear             |   181 |   106 |       ||   287
       War axe           |       |    61 |    87 ||   148
       Hand axe          |       |    18 |       ||    18
       Scythe            |       |       |    24 ||    24
Throw: Boomerang         |     5 |       |     1 ||     6
       Dart              |       |       |     2 ||     2
 Cast: Blink             |       |       |     3 ||     3
  Use: Scroll            |     2 |     1 |     1 ||     4
       Potion            |     1 |     4 |       ||     5
 Stab: Distracted        |       |       |     1 ||     1
Armor: Robe              |    53 |    37 |    32 ||   122
       Skin              |     5 |     3 |       ||     8
Dodge: Dodged            |    85 |    80 |    84 ||   249

Table legend: (Time is in decaauts)
 A = Elapsed time spent in this place.
 B = Non-inter-level travel time spent in this place.
 C = Inter-level travel time spent in this place.
 D = Time resting spent in this place.
 E = Time spent auto-exploring this place.
 F = Levels seen in this place.
 G = Mean time per level.
                   A        B        C        D        E       F      G
               +--------+--------+--------+--------+--------+-----+--------+
         Total |   7099 |   6920 |    179 |   2559 |   2813 |   8 |  887.4 |
       Dungeon |   6737 |   6566 |    171 |   2265 |   2813 |   6 | 1122.8 |
        Temple |    271 |    263 |      8 |    249 |      0 |   1 |  271.0 |
        Bailey |     90 |     90 |      0 |     45 |      0 |   1 |   90.0 |
               +--------+--------+--------+--------+--------+-----+--------+

Top non-repeatable levels by time:
     D:4: 2312 daAuts
     D:2: 1647 daAuts
     D:1: 1096 daAuts
     D:3: 1079 daAuts
     D:5: 446 daAuts
  Temple: 271 daAuts
     D:8: 154 daAuts
  Bailey: 90 daAuts
